 Dungeon Crawl Stone Soup version 0.27-a0-1202-ge72e49191c (webtiles) character file.

Game seed: 18037956396316132845

26 polve the Cutter (level 2, -3/24 HPs)
             Began as a Demonspawn Abyssal Knight on June 4, 2021.
             Was a Follower of Lugonu.
             Slain by a worm (10 damage)
             ... on level 2 of the Dungeon.
             The game lasted 00:00:49 (1142 turns).

polve the Cutter (Demonspawn Abyssal Knight)        Turns: 1142, Time: 00:00:49

Health: -3/24      AC:  3    Str: 12    XL:     2   Next: 89%
Magic:  3/3        EV: 11    Int: 13    God:    Lugonu [*.....]
Gold:   47         SH:  0    Dex: 12    Spells: 1/1 levels left

rFire    . . .     SeeInvis .   a - +1 short sword
rCold    . . .     Faith    .   (no shield)
rNeg     . . .     Spirit   .   b - +0 leather armour
rPois    .         Reflect  .   (no helmet)
rElec    .         Harm     .   (no cloak)
rCorr    .         Rampage  .   (no gloves)
Will     .....                  (no boots)
Stlth    +.........             (no amulet)
HPRegen  0.08/turn              (no ring)
MPRegen  0.08/turn              (no ring)

@: no status effects
A: foul stench 1
a: Renounce Religion, Depart the Abyss


You were on level 2 of the Dungeon.
You worshipped Lugonu.
Lugonu was aware of your devotion.
You visited 1 branch of the dungeon, and saw 2 of its levels.
You visited the Abyss 1 time.

You collected 47 gold pieces.

Inventory:

Hand Weapons
 a - a +1 short sword (weapon)
Armour
 b - a +0 leather armour (worn)
Scrolls
 e - a scroll of vulnerability {unknown}
 f - a scroll of summoning {unknown}
 h - a scroll of identify {unknown}
 i - a scroll of amnesia {unknown}
 k - a scroll of fear {unknown}
 l - a scroll of immolation {unknown}
Potions
 c - 2 potions of mutation {unknown}
 d - a potion of ambrosia {unknown}
 g - a potion of curing {unknown}
 j - a potion of haste {unknown}
 m - 3 potions of heal wounds {unknown}


   Skills:
 - Level 3.0 Fighting
 + Level 3.1 Short Blades
 - Level 1.7 Armour
 - Level 0.8 Dodging
 - Level 2.4 Invocations


You had one spell level left.
You didn't know any spells.
Your spell library was empty.

Dungeon Overview and Level Annotations

Branches:
Dungeon (2/15)

Altars:
The Shining One


Innate Abilities, Weirdness & Mutations

You may rarely emit foul miasma when damaged in melee.


Message History

The goblin is moderately wounded.
A giant cockroach comes into view.
The goblin hits you with a +0 dagger.
* * * LOW HITPOINT WARNING * * *
You hit the goblin.
The goblin is severely wounded.
The goblin hits you but does no damage.
You barely miss the goblin.
The goblin is severely wounded.
The goblin barely misses you.
You miss the goblin.
The goblin is severely wounded.
The goblin misses you.
You closely miss the goblin.
The goblin is severely wounded.
You closely miss the goblin.
The goblin is severely wounded.
The goblin hits you but does no damage. The giant cockroach barely misses you.
You hit the goblin.
You kill the goblin!
Lugonu accepts your kill. The giant cockroach barely misses you.
You swing at nothing.
The giant cockroach barely misses you.
You hit the worm.
The worm is lightly wounded.
The giant cockroach bites you.
* * * LOW HITPOINT WARNING * * *
The giant cockroach bites you but does no damage.
The worm closely misses you.
You hit the worm but do no damage.
The worm is lightly wounded.
The giant cockroach bites you but does no damage.
You closely miss the giant cockroach.
The giant cockroach bites you but does no damage.
The worm bites you but does no damage.
You closely miss the giant cockroach. The giant cockroach barely misses you.
You hit the giant cockroach.
The giant cockroach is heavily wounded.
The giant cockroach misses you. The worm bites you!
You die...

...$...........#
#...............##
#..............(..
#...............#
#...............##
#......#w..?....#
#.......w.......###.
#.....#.#######.....
#.........ww@B......
#.....##..########..
#.....###.# #.....#
#.## ...(
####..###..# ....
#.......## #..
#..†.##..# #..
#....##..#### #<#
#...)# .....# #.#


You could see 2 worms and a giant cockroach.

Vanquished Creatures
  A ball python (D:1)
  2 endoplasms (D:1)
  A giant cockroach (D:1)
  2 goblins
  2 hobgoblins
  2 jackals (D:1)
  A quokka (D:1)
  6 bats
  2 frilled lizards (D:1)
  2 kobolds (D:2)
  3 rats
24 creatures vanquished.

Notes
Turn   | Place    | Note
-------+----------+-------------------------------------------
     0 | Abyss:1  | polve the Demonspawn Abyssal Knight began the quest for the
                  | Orb.
     0 | Abyss:1  | Reached XP level 1. HP: 18/18 MP: 2/2
    60 | Abyss:1  | Noticed a ynoxinul
    61 | D:1      | Escaped the Abyss
   311 | D:1      | Reached * piety under Lugonu
   356 | D:1      | Gained mutation: You may rarely emit foul miasma when
                  | damaged in melee. [demonic ancestry]
   356 | D:1      | Reached XP level 2. HP: 20/24 MP: 3/3
   997 | D:2      | Found a faded altar of an unknown god.
  1142 | D:2      | Slain by a worm

Illustrated notes

Levels and vault maps discovered:
D:1:      dpeg_arrival_water_altar, layout_rooms
D:2:      layout_rooms, ebering_ecumenical_altar_mist

Skill      XL: |  1  2 |
---------------+-------+-----
Short Blades   | 2 3 |  3.1
Fighting       | |  3.0
Armour         | |  1.7
Dodging        | |  0.8
Invocations    | |  2.4

Action                   || total
-------------------------++-------
Melee: Short sword       ||    82
Invok: Depart the Abyss  ||     1
Armor: Leather armour    ||    38
Dodge: Dodged            ||    74

Table legend: (Time is in decaauts)
 A = Elapsed time spent in this place.
 B = Non-inter-level travel time spent in this place.
 C = Inter-level travel time spent in this place.
 D = Time resting spent in this place.
 E = Time spent auto-exploring this place.
 F = Levels seen in this place.
 G = Mean time per level.
                   A        B        C        D        E       F      G
               +--------+--------+--------+--------+--------+-----+--------+
         Total |   1141 |   1110 |     31 |      0 |    882 |   3 |  380.3 |
       Dungeon |   1080 |   1049 |     31 |      0 |    824 |   2 |  540.0 |
         Abyss |     61 |     61 |      0 |      0 |     58 |   1 |   61.0 |
               +--------+--------+--------+--------+--------+-----+--------+

Top non-repeatable levels by time:
     D:1: 873 daAuts
     D:2: 206 daAuts
 Abyss:1: 61 daAuts
